[Event "Titled Tuesday Blitz June 27 Early 2023"]
[White "Delorme, Axel"]
[Black "Gurel, Ediz"]
[WhiteFideId "632023"]
[BlackFideId "44507356"]
[WhiteElo "2527"]
[BlackElo "2965"]
[Result "0-1"]
[Round "1"]
[TimeControl "180+2"]
[Date "2023.06.27"]
[WhiteClock "0:00:08"]
[BlackClock "0:00:10"]
[Board "22"]

1. e4 c5 2. Nf3 d6 3. Bb5+ Bd7 4. Bxd7+ Nxd7 5. O-O Ngf6 6. Qe2 e6 7. c4 Be7 8. d4 cxd4 9. Nxd4 O-O 10. b3 Rc8 11. Bb2 d5 12. cxd5 exd5 13. Nc3 dxe4 14. Nxe4 Nxe4 15. Qxe4 Bf6 16. Rad1 Nc5 17. Qb1 Qb6 18. Nf5 Rfd8 19. Qa1 Rxd1 20. Rxd1 Ne4 21. Ne3 Nxf2 22. Bxf6 Nxd1 23. Bd4 Qd6 24. Qxd1 Rd8 25. Nc2 Qf4 26. h3 h6 27. Qe2 Rxd4 28. Nxd4 Qxd4+ 29. Kh1 Qd7 30. Qe3 a6 31. Kh2 Qc7+ 32. Kh1 b5 33. a3 Qd7 34. b4 Kh7 35. Qe4+ g6 36. Qe3 Qd6 37. Qf3 Kg7 38. Qc3+ Qf6 39. Qe3 h5 40. Kg1 h4 41. Kh1 g5 42. Kg1 Qf4 43. Qc3+ f6 44. Qd3 Qc7 45. Kf1 Qe7 46. Kg1 Kh6 47. Kf2 Qe5 48. Kg1 Qf4 49. Qd8 Qc1+ 50. Kh2 Qf4+ 51. Kg1 Qe3+ 52. Kh2 Qe6 53. Qh8+ Kg6 54. Qd8 f5 55. Kg1 Qe1+ 56. Kh2 Qe5+ 57. Kg1 Qf6 58. Qd3 Qe7 59. Qf3 Qe1+ 60. Kh2 Qe5+ 61. Kg1 Qd4+ 62. Kh2 Qd6+ 63. Kg1 Qe6 64. Qd3 Kh6 65. Qc3 Kg6 66. Qd3 Qf6 67. Qd2 Qa1+ 68. Kh2 Qxa3 69. Qd6+ Kh5 70. Qf8 Qg3+ 71. Kg1 Qe1+ 72. Kh2 Qe5+ 73. Kg1 Qe6 74. Qh8+ Kg6 75. Qb8 g4 76. hxg4 fxg4 77. Qf4 Qe1+ 78. Kh2 Qg3+ 79. Qxg3 hxg3+ 80. Kxg3 Kg5 81. Kf2 Kf4 82. Ke2 Ke4 83. Kf2 Kd4 84. Kg3 Kc4 85. Kxg4 Kxb4 86. Kh5 a5 87. g4 a4 88. g5 a3 89. g6 a2 90. g7 a1=Q 91. g8=Q Qh1+ 92. Kg6 Qg1+ 93. Kf7 Qxg8+ 94. Kxg8 Kc4 0-1


[Site "https://www.chess.com"]

[Event "Titled Tuesday Blitz June 27 Early 2023"]
[White "Nguyen, Ngoc Truong Son"]
[Black "Chos, Alexey"]
[WhiteFideId "12401110"]
[BlackFideId "14117762"]
[WhiteElo "2961"]
[BlackElo "2527"]
[Result "1-0"]
[Round "1"]
[TimeControl "180+2"]
[Date "2023.06.27"]
[WhiteClock "0:00:12"]
[BlackClock "0:00:00"]
[Board "23"]

1. d4 Nf6 2. c4 e6 3. Nf3 c5 4. d5 exd5 5. cxd5 d6 6. Nc3 g6 7. Bf4 a6 8. a4 Bg7 9. e3 O-O 10. h3 Qe7 11. Nd2 Nbd7 12. Nc4 Ne8 13. Be2 Rb8 14. O-O Ne5 15. Bxe5 Bxe5 16. a5 Bg7 17. Na4 Nf6 18. Nab6 Bf5 19. Bd3 Bc8 20. Qc2 Nd7 21. Rae1 Nxb6 22. Nxb6 Bd7 23. b3 Rfd8 24. f4 Be8 25. e4 Bd4+ 26. Kh1 f6 27. Nc4 Bf7 28. Nd2 Qc7 29. b4 Rbc8 30. Nb3 Qe7 31. Nxd4 cxd4 32. Qf2 Qc7 33. Rc1 Qxc1 34. Rxc1 Rxc1+ 35. Kh2 Rd1 36. Qc2 Re1 37. Qc7 Re8 38. Qxb7 Rd1 39. Qxa6 f5 40. exf5 Bxd5 41. Qxd6 Bf7 42. fxg6 hxg6 43. Bxg6 Rf8 44. Bxf7+ Rxf7 45. b5 d3 46. a6 d2 47. b6 Rxf4 48. b7 1-0


[Site "https://www.chess.com"]

[Event "Titled Tuesday Blitz June 27 Early 2023"]
[White "Turzo, Attila"]
[Black "Sanal, Vahap"]
[WhiteFideId "704954"]
[BlackFideId "6300545"]
[WhiteElo "2525"]
[BlackElo "2959"]
[Result "0-1"]
[Round "1"]
[TimeControl "180+2"]
[Date "2023.06.27"]
[WhiteClock "0:00:07"]
[BlackClock "0:00:32"]
[Board "24"]

1. d4 Nf6 2. c4 g6 3. g3 Bg7 4. Bg2 O-O 5. Nf3 d6 6. O-O c6 7. Nc3 Qb6 8. b3 e5 9. dxe5 dxe5 10. e4 Bg4 11. h3 Bxf3 12. Bxf3 Rd8 13. Qc2 Nbd7 14. Be3 Qc7 15. c5 Nf8 16. Rfd1 Ne6 17. Ne2 h5 18. h4 Ng4 19. Bxg4 hxg4 20. Rxd8+ Rxd8 21. b4 a5 22. a3 axb4 23. axb4 Qd7 24. Qc4 Bf6 25. Kg2 Kg7 26. Nc3 Nd4 27. Rd1 Qe7 28. Ne2 Nf3 29. Qc2 Rh8 30. Ng1 Nd4 31. Bxd4 exd4 32. Ne2 Bxh4 33. Rh1 Bf6 34. Rxh8 Kxh8 35. Qd3 Qe5 36. Nf4 Kg7 37. Ne2 Qe6 38. Nc1 Be5 39. Nb3 Qd7 40. Nd2 f5 41. Nc4 Qe6 42. exf5 gxf5 43. Kg1 Bf6 44. Nd2 Kg6 45. Nb3 Qe1+ 46. Kg2 Qe4+ 47. Qxe4 fxe4 48. Nd2 Kf5 49. Kf1 d3 50. Nc4 Bc3 51. Nd6+ Ke5 52. b5 cxb5 53. Nxb5 Bb4 54. Nd6 Bxc5 55. Nxb7 Bb4 56. Nd8 Kd5 57. Nf7 Bd2 58. Kg2 Ke6 59. Nd8+ Ke5 60. Nf7+ Kd5 61. Kf1 Bc1 62. Nd8 Kc4 63. Nf7 Kb3 64. Ne5 d2 65. Ke2 Kc2 66. Nxg4 d1=Q# 0-1


[Site "https://www.chess.com"]

[Event "Titled Tuesday Blitz June 27 Early 2023"]
[White "Pap, Gyula"]
[Black "Yelisieiev, Yevhenii"]
[WhiteFideId "725323"]
[BlackFideId "14139642"]
[WhiteElo "2958"]
[BlackElo "2525"]
[Result "1/2-1/2"]
[Round "1"]
[TimeControl "180+2"]
[Date "2023.06.27"]
[WhiteClock "0:00:06"]
[BlackClock "0:00:11"]
[Board "25"]

1. d4 d6 2. e4 Nf6 3. Nc3 e5 4. dxe5 dxe5 5. Qxd8+ Kxd8 6. Bc4 Ke8 7. f3 c6 8. a4 a5 9. Be3 Nbd7 10. Nge2 Bc5 11. Nd1 Ke7 12. Nc1 Bxe3 13. Nxe3 Nc5 14. Ra3 Rd8 15. Nb3 Ne6 16. Bxe6 Bxe6 17. Nc5 Nd7 18. Rc3 Nxc5 19. Rxc5 f6 20. Ke2 Rd4 21. b3 Kd6 22. Rc3 b5 23. Ra1 bxa4 24. Rxa4 Rxa4 25. bxa4 Rb8 26. Nc4+ Bxc4+ 27. Rxc4 Rb2 28. Kd2 Ra2 29. Ke2 c5 30. h4 h5 31. g4 g6 32. gxh5 gxh5 33. f4 Ra3 34. fxe5+ fxe5 35. Kd2 Rh3 36. Rc3 Rxh4 37. Re3 Rh1 38. Rg3 Ra1 39. Rg6+ Kd7 40. Rh6 Rxa4 41. Ke3 Ra3+ 42. Kd2 Rh3 43. Ra6 Rh4 44. Rxa5 Rxe4 45. Rxc5 h4 46. Kd3 Rd4+ 47. Ke3 Kd6 48. Rc8 Rg4 49. Rh8 Kd5 50. Rd8+ Ke6 51. Re8+ Kf6 52. Rf8+ Kg7 53. Rf5 e4 54. c4 Kg6 55. Rf8 Kg7 56. Rf5 Rg6 57. Rh5 Rh6 58. Rxh6 Kxh6 59. Kxe4 h3 60. Kf3 Kg6 61. c5 Kf6 62. c6 Ke6 63. c7 Kd7 64. Kg3 Kxc7 65. Kxh3 1/2-1/2


[Site "https://www.chess.com"]

[Event "Titled Tuesday Blitz June 27 Early 2023"]
[White "Golubev, Mikhail"]
[Black "Daneshvar, Bardiya"]
[WhiteFideId "14100983"]
[BlackFideId "12576468"]
[WhiteElo "2525"]
[BlackElo "2956"]
[Result "0-1"]
[Round "1"]
[TimeControl "180+2"]
[Date "2023.06.27"]
[WhiteClock "0:00:25"]
[BlackClock "0:02:08"]
[Board "26"]

1. e4 d6 2. d4 a6 3. c4 Nd7 4. Nc3 c5 5. d5 g6 6. a4 Bg7 7. Qc2 e6 8. Nf3 Ne7 9. dxe6 fxe6 10. Bf4 Ne5 11. Be2 N7c6 12. Bxe5 dxe5 13. O-O O-O 14. Rad1 Nd4 15. Nxd4 exd4 16. Na2 e5 17. Nc1 b6 18. b3 Qd6 19. Kh1 Ra7 20. f3 Raf7 21. Bd3 h5 22. Ne2 Bh6 23. b4 cxb4 24. c5 Qxc5 25. Qxc5 bxc5 26. Bc4 Kg7 27. Nc1 Bxc1 28. Bxf7 Rxf7 29. Rxc1 Rc7 30. f4 b3 31. fxe5 c4 32. Rb1 Be6 33. Rf6 c3 34. Rxe6 c2 0-1


[Site "https://www.chess.com"]

[Event "Titled Tuesday Blitz June 27 Early 2023"]
[White "Jones, Gawain C B"]
[Black "Ljukin, Sergei"]
[WhiteFideId "409561"]
[BlackFideId "14102200"]
[WhiteElo "2952"]
[BlackElo "2525"]
[Result "1-0"]
[Round "1"]
[TimeControl "180+2"]
[Date "2023.06.27"]
[WhiteClock "0:01:43"]
[BlackClock "0:00:41"]
[Board "27"]

1. Nf3 d5 2. g3 Nc6 3. d4 Bg4 4. Bg2 Qd7 5. c3 Bh3 6. Bxh3 Qxh3 7. b4 Qg2 8. Rg1 Qh3 9. g4 h5 10. Rg3 hxg4 11. Rxh3 Rxh3 12. Ng1 Rxh2 13. Bf4 Rh1 14. Kf1 Nf6 15. b5 Na5 16. Qa4 b6 17. Nd2 e6 18. c4 Bd6 19. Bxd6 cxd6 20. c5 dxc5 21. dxc5 e5 22. Rc1 Rc8 23. c6 1-0


[Site "https://www.chess.com"]

[Event "Titled Tuesday Blitz June 27 Early 2023"]
[White "Kuzmin, Roman"]
[Black "Lenderman, Aleksandr"]
[WhiteFideId "44134932"]
[BlackFideId "2021285"]
[WhiteElo "2521"]
[BlackElo "2950"]
[Result "0-1"]
[Round "1"]
[TimeControl "180+2"]
[Date "2023.06.27"]
[WhiteClock "0:00:02"]
[BlackClock "0:00:51"]
[Board "28"]

1. e4 e6 2. d4 d5 3. Nc3 dxe4 4. Nxe4 Nd7 5. Nf3 Ngf6 6. Bg5 Be7 7. Nxf6+ Bxf6 8. h4 h6 9. Be3 c5 10. c3 cxd4 11. Bxd4 O-O 12. Bxf6 Qxf6 13. Bd3 Nc5 14. Bc2 Rd8 15. Qe2 Bd7 16. O-O-O Bc6 17. Nd4 Bxg2 18. Rhg1 Be4 19. Rg4 Bxc2 20. Qxc2 h5 21. Rg5 Qf4+ 22. Kb1 Ne4 23. Rg2 Nf6 24. Rdg1 Ne8 25. Rg5 Qxh4 26. Qe2 Rxd4 27. cxd4 Qxd4 28. Rxh5 Rd8 29. Rgh1 Kf8 30. Rh8+ Ke7 31. R8h3 Nf6 32. Rb3 b6 33. f3 g6 34. Qa6 Rd7 35. Rc1 Nd5 36. a3 Qe5 37. Rc8 Rc7 38. Rxc7+ Qxc7 39. Rd3 Kf6 40. Qb5 Qe5 41. Qa4 a5 42. Qb3 Qf5 43. Ka2 b5 44. Qc2 g5 45. Qe2 Nf4 46. Qe4 Qxe4 0-1


[Site "https://www.chess.com"]

[Event "Titled Tuesday Blitz June 27 Early 2023"]
[White "Suleymanli, Aydin"]
[Black "Bruedigam, Martin"]
[WhiteFideId "13413937"]
[BlackFideId "24608033"]
[WhiteElo "2947"]
[BlackElo "2521"]
[Result "1-0"]
[Round "1"]
[TimeControl "180+2"]
[Date "2023.06.27"]
[WhiteClock "0:00:03"]
[BlackClock "0:00:04"]
[Board "29"]

1. e4 c6 2. Nc3 d5 3. Nf3 dxe4 4. Nxe4 Nf6 5. Qe2 Nxe4 6. Qxe4 Qd5 7. Bd3 Qxe4+ 8. Bxe4 Nd7 9. d4 Nf6 10. Bd3 g6 11. b3 Bf5 12. Ke2 Bxd3+ 13. Kxd3 Bg7 14. Ba3 e6 15. Rhe1 Nd5 16. g3 O-O-O 17. c4 Nc7 18. Kc2 Ne8 19. Rad1 Nd6 20. Ng5 Bf6 21. Nf3 Nf5 22. Bb2 h5 23. h4 Rd7 24. Ne5 Bxe5 25. dxe5 Rxd1 26. Rxd1 Rd8 27. Re1 Kc7 28. Re4 Rd7 29. Bc1 Rd4 30. Re1 b5 31. Kc3 Rd7 32. Bg5 Kb6 33. Rg1 a5 34. a3 Kc5 35. b4+ axb4+ 36. axb4+ Kb6 37. c5+ Kb7 38. Bf6 Rd4 39. f3 Rc4+ 40. Kd3 Nd4 41. Ke3 Nc2+ 42. Kd2 Nxb4 43. g4 Nd5 44. gxh5 Nxf6 45. hxg6 Ne4+ 46. fxe4 fxg6 47. Rxg6 Rxe4 48. Rxe6 Rxh4 49. Re7+ Kb8 50. e6 Re4 51. Kd3 Re5 52. Kd4 Re1 53. Kc3 Re4 54. Kb3 Kc8 55. Ka3 Kd8 56. Rd7+ Kc8 57. Rd6 Kc7 58. Kb3 Re5 59. Kb4 Re4+ 60. Kc3 Rc4+ 61. Kd3 Rxc5 62. Rd7+ Kb6 63. Kd4 Rd5+ 64. Rxd5 cxd5 65. e7 1-0


[Site "https://www.chess.com"]

[Event "Titled Tuesday Blitz June 27 Early 2023"]
[White "Rodriguez, Santiago"]
[Black "Kozak, Adam"]
[WhiteFideId "3000591"]
[BlackFideId "753246"]
[WhiteElo "2520"]
[BlackElo "2945"]
[Result "0-1"]
[Round "1"]
[TimeControl "180+2"]
[Date "2023.06.27"]
[WhiteClock "0:00:08"]
[BlackClock "0:01:30"]
[Board "30"]

1. d4 Nf6 2. Bg5 c5 3. d5 b5 4. Bxf6 exf6 5. a4 b4 6. Nd2 f5 7. Nc4 d6 8. g3 g6 9. Bg2 Bg7 10. Nh3 Ba6 11. b3 O-O 12. Nf4 Bxc4 13. bxc4 Bxa1 14. Qxa1 Nd7 15. h4 Qf6 16. Qc1 Rfe8 17. h5 g5 18. Nd3 h6 19. O-O Nb6 20. f4 g4 21. e4 fxe4 22. Nf2 Qf5 23. Re1 e3 24. Rxe3 Nxc4 25. Rxe8+ Rxe8 26. Qf1 Ne3 27. Qb5 Kf8 28. Qa6 Qf6 29. Ne4 Rxe4 30. Bxe4 Nd1 31. Qc8+ Ke7 32. Qc7+ Ke8 33. Qc8+ Qd8 34. Qxg4 Nc3 35. Bg6 Qd7 36. f5 Kf8 37. Qf4 fxg6 38. Qxh6+ Qg7 39. Qf4 Qd4+ 40. Kh2 Qxf4 41. gxf4 gxh5 0-1


[Site "https://www.chess.com"]

[Event "Titled Tuesday Blitz June 27 Early 2023"]
[White "Vokhidov, Shamsiddin"]
[Black "Navalgund, Niranjan"]
[WhiteFideId "14204223"]
[BlackFideId "5030854"]
[WhiteElo "2945"]
[BlackElo "2520"]
[Result "1-0"]
[Round "1"]
[TimeControl "180+2"]
[Date "2023.06.27"]
[WhiteClock "0:02:12"]
[BlackClock "0:02:12"]
[Board "31"]

1. e4 e5 2. Nf3 Nc6 3. Nc3 Nf6 4. a3 d5 5. Bb5 dxe4 6. Nxe5 Bd7 7. Bxc6 Bxc6 8. Nxc6 bxc6 9. O-O Bd6 10. Re1 O-O 11. Nxe4 Re8 12. d3 Nxe4 13. dxe4 Qh4 14. g3 Qh3 15. Qf3 Re6 16. Bd2 Rae8 17. Qf5 Qxf5 18. exf5 Re2 19. Kf1 Rxe1+ 20. Rxe1 Rb8 21. Bc3 f6 22. Re4 Kf7 23. Ra4 Rb7 24. Ke2 g6 25. fxg6+ hxg6 26. Kd3 Ke6 27. Kc4 g5 28. b4 Kd7 29. Bd4 Rb8 30. Bxf6 Rf8 31. Bd4 g4 32. Rxa7 Rf3 33. a4 Ra3 34. a5 Kc8 35. Ra8+ Kb7 36. Rg8 Ra4 37. c3 1-0


[Site "https://www.chess.com"]

[Event "Titled Tuesday Blitz June 27 Early 2023"]
[White "Keleberda, Tymur"]
[Black "Movahed, Sina"]
[WhiteFideId "14174294"]
[BlackFideId "42520835"]
[WhiteElo "2519"]
[BlackElo "2940"]
[Result "0-1"]
[Round "1"]
[TimeControl "180+2"]
[Date "2023.06.27"]
[WhiteClock "0:00:11"]
[BlackClock "0:00:40"]
[Board "32"]

1. e4 c5 2. Nf3 d6 3. c3 Nf6 4. h3 g6 5. Bd3 Bg7 6. Bc2 O-O 7. d4 cxd4 8. cxd4 e5 9. O-O exd4 10. Nxd4 Nc6 11. Nc3 d5 12. Be3 Ne5 13. Bf4 Nc4 14. Ndb5 Bd7 15. Nc7 Rc8 16. N7xd5 Nxb2 17. Qe2 Nxd5 18. Nxd5 Re8 19. Bb3 Be6 20. Qf3 a5 21. Rac1 Rxc1 22. Rxc1 a4 23. Bc2 Qa5 24. Qa3 Bxd5 25. exd5 Re1+ 26. Rxe1 Qxe1+ 27. Kh2 Qxf2 28. Qe3 Qxe3 29. Bxe3 Be5+ 30. g3 b5 31. Bc5 Nc4 32. Bd3 f5 33. Bxc4 bxc4 34. d6 Kf7 35. d7 Bc7 36. Kg2 Ke6 37. g4 Kxd7 38. gxf5 gxf5 39. Kf3 Kc6 40. Bd4 Kd5 41. Bc3 Be5 42. Bb4 c3 43. Ba3 c2 44. Ke3 f4+ 45. Kd3 f3 46. Ke3 Bd6 47. Bb2 a3 48. Bc1 Bf4+ 49. Kxf4 f2 0-1


[Site "https://www.chess.com"]

[Event "Titled Tuesday Blitz June 27 Early 2023"]
[White "Indjic, Aleksandar"]
[Black "Gamayev, Oleg"]
[WhiteFideId "911925"]
[BlackFideId "2802813"]
[WhiteElo "2938"]
[BlackElo "2519"]
[Result "1-0"]
[Round "1"]
[TimeControl "180+2"]
[Date "2023.06.27"]
[WhiteClock "0:01:49"]
[BlackClock "0:02:21"]
[Board "33"]

1. e4 d6 2. d4 Nf6 3. Nc3 e5 4. dxe5 dxe5 5. Qxd8+ Kxd8 6. Bc4 Be6 7. Bxe6 fxe6 8. Be3 Bd6 9. f3 Nc6 10. O-O-O Ke7 11. Nh3 a6 12. Nf2 h6 13. a3 b6 14. Nb1 Rhd8 15. Nd2 Nd7 16. Nd3 Nd4 17. c3 Nc6 18. Kc2 Na5 19. b4 Nc6 20. a4 a5 21. b5 Na7 22. Nc4 Nc8 23. g3 Kf6 24. f4 exf4 25. gxf4 e5 26. fxe5+ Bxe5 27. Rhf1+ Ke6 28. Ndxe5 Nxe5 29. Rxd8 Nxc4 30. Bd4 N4d6 31. Rff8 g5 32. e5 Nf5 33. Rxc8 1-0


[Site "https://www.chess.com"]

[Event "Titled Tuesday Blitz June 27 Early 2023"]
[White "Estrada Nieto, Julian"]
[Black "Antipov, Mikhail Al."]
[WhiteFideId "5101018"]
[BlackFideId "4107012"]
[WhiteElo "2518"]
[BlackElo "2915"]
[Result "0-1"]
[Round "1"]
[TimeControl "180+2"]
[Date "2023.06.27"]
[WhiteClock "0:00:26"]
[BlackClock "0:01:28"]
[Board "34"]

1. e4 c5 2. Nf3 d6 3. Bb5+ Nd7 4. d4 cxd4 5. Qxd4 a6 6. Bxd7+ Bxd7 7. Nc3 h6 8. a4 e5 9. Qd3 Nf6 10. Nd2 Be7 11. Nc4 O-O 12. O-O Be6 13. Ne3 Rc8 14. Rd1 Rc6 15. a5 Qd7 16. Ncd5 Bxd5 17. exd5 Rcc8 18. c4 e4 19. Qd4 Rfe8 20. Bd2 Ng4 21. Nxg4 Qxg4 22. h3 Qg6 23. Qb6 Rxc4 24. Qxb7 Bh4 25. Be3 Bxf2+ 26. Bxf2 e3 27. Bxe3 Rxe3 28. Qxa6 Re2 29. g4 Qe4 30. Qa8+ Kh7 0-1


[Site "https://www.chess.com"]

[Event "Titled Tuesday Blitz June 27 Early 2023"]
[White "Baskakov, Egor"]
[Black "Berezin, Viktor"]
[WhiteFideId "24197866"]
[BlackFideId "14107872"]
[WhiteElo "2911"]
[BlackElo "2517"]
[Result "1-0"]
[Round "1"]
[TimeControl "180+2"]
[Date "2023.06.27"]
[WhiteClock "0:00:21"]
[BlackClock "0:00:02"]
[Board "35"]

1. e4 g6 2. g3 Bg7 3. Bg2 d6 4. Ne2 Nf6 5. h3 O-O 6. d4 c6 7. O-O Nbd7 8. c4 e5 9. Nbc3 Re8 10. Re1 a6 11. Be3 b5 12. d5 cxd5 13. cxd5 Nb6 14. b3 b4 15. Nb1 a5 16. Nd2 Ba6 17. g4 Nfd7 18. Ng3 Bb5 19. Rc1 Rc8 20. Bf1 Bxf1 21. Kxf1 Rxc1 22. Qxc1 Qc8 23. Kg2 Qa6 24. Qb1 Rc8 25. Rc1 Qb5 26. Rc2 Rc3 27. Kf3 Bf8 28. Ne2 Rd3 29. Nc4 Nxd5 30. Rc1 Rxe3+ 31. fxe3 N5f6 32. Rd1 Nc5 33. Ng3 Qb7 34. Nxd6 Bxd6 35. Rxd6 Qb5 36. Qc2 Ne6 37. h4 Kg7 38. g5 Ne8 39. Rd5 Qa6 40. Qb2 N8c7 41. Qxe5+ Kg8 42. h5 Nxd5 43. exd5 Nc5 44. h6 Kf8 45. d6 Qc6+ 46. e4 Ne6 47. Qh8# 1-0


[Site "https://www.chess.com"]

[Event "Titled Tuesday Blitz June 27 Early 2023"]
[White "Di Nicolantonio, Lucas"]
[Black "Durarbayli, Vasif"]
[WhiteFideId "680460"]
[BlackFideId "13402935"]
[WhiteElo "2516"]
[BlackElo "2909"]
[Result "0-1"]
[Round "1"]
[TimeControl "180+2"]
[Date "2023.06.27"]
[WhiteClock "0:00:02"]
[BlackClock "0:00:07"]
[Board "36"]

1. Nf3 d5 2. e3 c5 3. b3 Nc6 4. Bb2 a6 5. d4 Nf6 6. dxc5 e6 7. a3 Bxc5 8. Bd3 Qe7 9. c4 O-O 10. cxd5 exd5 11. O-O Bg4 12. Nbd2 Rac8 13. b4 Bd6 14. h3 Bh5 15. Qb3 Rfd8 16. Rfe1 Ne4 17. Rac1 Bb8 18. Bxe4 dxe4 19. Nd4 Qc7 20. Nf1 Nxd4 21. Bxd4 Qxc1 22. Rxc1 Rxc1 23. Qb2 Rdc8 24. g4 R8c2 25. Qb3 Bg6 26. Qd5 Rc8 27. h4 h6 28. h5 Bh7 29. g5 hxg5 30. Qxg5 f6 31. Bxf6 R1c7 32. h6 g6 33. Be5 Rf7 34. Bxb8 Rxb8 35. Ng3 Re8 36. Nh5 Ref8 37. Nf4 Rf5 38. Qe7 R5f7 39. Qe6 g5 40. Nh5 Bf5 41. Qe5 Kh7 42. Ng3 Bg6 43. Nxe4 Bxe4 44. Qxe4+ Kxh6 45. Qh1+ Kg6 46. Qe4+ Kh6 47. Qh1+ Kg7 48. Qg2 Kh6 49. Qh3+ Kg6 50. Qe6+ Rf6 51. Qe4+ Kh6 52. Qh1+ Kg6 53. Qe4+ Rf5 54. Qxb7 Rxf2 55. Qxa6+ R8f6 56. Qd3+ Kh5 57. Qh7+ Kg4 58. Qe4+ Kg3 59. Qe5+ Kh4 60. Kh1 Rf1+ 61. Kg2 R6f2# 0-1


[Site "https://www.chess.com"]

[Event "Titled Tuesday Blitz June 27 Early 2023"]
[White "Tari, Aryan"]
[Black "Liu, Casper"]
[WhiteFideId "1510045"]
[BlackFideId "1454153"]
[WhiteElo "2908"]
[BlackElo "2515"]
[Result "1-0"]
[Round "1"]
[TimeControl "180+2"]
[Date "2023.06.27"]
[WhiteClock "0:00:12"]
[BlackClock "0:00:15"]
[Board "37"]

1. e4 c5 2. Nc3 d6 3. f4 a6 4. Nf3 b5 5. g3 Bb7 6. d3 g6 7. Bg2 Bg7 8. O-O Nf6 9. f5 O-O 10. h3 Nbd7 11. g4 e5 12. g5 Nh5 13. f6 Ndxf6 14. gxf6 Bxf6 15. Bh6 Bg7 16. Qd2 f5 17. Bxg7 Kxg7 18. Ng5 Qe7 19. exf5 gxf5 20. Bxb7 Qxb7 21. Ne6+ Kh8 22. Nxf8 Rxf8 23. Kh2 b4 24. Qh6 Rg8 25. Rg1 bxc3 26. Rxg8+ Kxg8 27. Qxh5 cxb2 28. Qe8+ Kg7 29. Rg1+ Kf6 30. Qf8+ Ke6 31. Qg8+ Kf6 32. Qg5+ Ke6 33. Rb1 Qf3 34. Qd2 c4 35. dxc4 e4 36. Rxb2 f4 37. Qd5+ Kf6 38. Qxd6+ Kf5 39. Qf8+ Ke5 40. Qg7+ Kd6 41. Qd4+ Kc7 42. Qc5+ Kd7 43. Rb7+ Ke6 44. Re7+ Kf6 45. Qe5+ Kg6 46. Rg7+ Kh6 47. Qg5# 1-0


[Site "https://www.chess.com"]

[Event "Titled Tuesday Blitz June 27 Early 2023"]
[White "Melian, Juan Sebastian"]
[Black "Henriquez Villagra, Cristobal"]
[WhiteFideId "3706575"]
[BlackFideId "3409350"]
[WhiteElo "2513"]
[BlackElo "2905"]
[Result "0-1"]
[Round "1"]
[TimeControl "180+2"]
[Date "2023.06.27"]
[WhiteClock "0:00:00"]
[BlackClock "0:00:13"]
[Board "38"]

1. d4 d6 2. e4 Nf6 3. Nc3 e5 4. Nf3 Nbd7 5. Bc4 Be7 6. O-O O-O 7. Re1 h6 8. a4 c6 9. a5 Re8 10. h3 Bf8 11. Be3 exd4 12. Bxd4 b5 13. axb6 Nxb6 14. Bb3 Be6 15. Bxe6 Rxe6 16. e5 dxe5 17. Bxe5 Nc4 18. Qxd8 Rxd8 19. Bxf6 Rxf6 20. Rxa7 Nxb2 21. Ne4 Re6 22. Raa1 Nc4 23. Ng3 Rxe1+ 24. Rxe1 Rb8 25. Re4 Na3 26. c4 Rb1+ 27. Kh2 Rc1 28. Ne5 c5 29. Nd7 Bd6 30. Re8+ Kh7 31. Nf8+ Bxf8 32. Rxf8 Kg6 33. Rc8 Rxc4 34. Rc6+ f6 35. Nf1 Nc2 36. Rc7 Nb4 37. Nd2 Rc2 38. Ne4 Nd3 39. Nd6 Nxf2 40. Ne8 Ne4 41. Rxg7+ Kf5 42. Rc7 c4 43. Ng7+ Ke5 44. Re7+ Kd5 45. Nf5 Re2 46. Rd7+ Kc5 47. Rc7+ Kb4 0-1


[Site "https://www.chess.com"]

[Event "Titled Tuesday Blitz June 27 Early 2023"]
[White "Demchenko, Anton"]
[Black "Droin, Augustin"]
[WhiteFideId "4160258"]
[BlackFideId "45105987"]
[WhiteElo "2903"]
[BlackElo "2513"]
[Result "1-0"]
[Round "1"]
[TimeControl "180+2"]
[Date "2023.06.27"]
[WhiteClock "0:00:23"]
[BlackClock "0:00:10"]
[Board "39"]

1. e4 c5 2. Nf3 Nc6 3. Bb5 g6 4. O-O Bg7 5. Re1 e5 6. Bxc6 dxc6 7. d3 Qc7 8. a3 Nf6 9. Be3 Nd7 10. b4 cxb4 11. axb4 b6 12. Nc3 O-O 13. Qb1 Rd8 14. Ra3 Nf8 15. b5 Bd7 16. bxc6 Bxc6 17. Qb3 Ne6 18. Rea1 Bf8 19. R3a2 Bc5 20. h3 Bxe3 21. fxe3 a5 22. Rb2 Rab8 23. Nd5 Bxd5 24. exd5 Nc5 25. Qc4 Qd6 26. e4 Rdc8 27. Qb5 Nd7 28. Nd2 Qc5+ 29. Qxc5 Rxc5 30. Nc4 Kf8 31. Kf1 Ke7 32. Ke2 Kd8 33. g4 Kc7 34. Kd2 Ra8 35. Na3 Rh8 36. Nb5+ Kd8 37. c4 f6 38. Rg1 Ke7 39. Nc3 Rcc8 40. Na4 Rb8 41. Rgb1 h5 42. gxh5 Rxh5 43. c5 Rxh3 44. c6 Rh2+ 45. Kc3 Rxb2 46. Rxb2 Nf8 47. Nxb6 g5 48. c7 1-0


[Site "https://www.chess.com"]

[Event "Titled Tuesday Blitz June 27 Early 2023"]
[White "Mogirzan, Matei-Valeriu"]
[Black "Steinberg, Nitzan"]
[WhiteFideId "1257455"]
[BlackFideId "2801795"]
[WhiteElo "2512"]
[BlackElo "2900"]
[Result "1-0"]
[Round "1"]
[TimeControl "180+2"]
[Date "2023.06.27"]
[WhiteClock "0:00:03"]
[BlackClock "0:00:56"]
[Board "40"]

1. e4 g6 2. Nf3 Bg7 3. d4 d6 4. Bc4 a6 5. h4 b5 6. Bb3 e6 7. c3 h5 8. Ng5 Nf6 9. f4 Bb7 10. e5 Ng4 11. O-O Qe7 12. Qe1 Nd7 13. Nd2 O-O 14. Nde4 d5 15. Nf2 Nh6 16. Bc2 c5 17. a3 cxd4 18. cxd4 Rac8 19. Qe2 Nf5 20. Qd3 Rc4 21. Be3 Nxe3 22. Qxe3 Rxc2 23. g4 hxg4 24. Nxg4 Nc5 25. dxc5 d4 26. Qg3 Rg2+ 27. Qxg2 Bxg2 28. Kxg2 Qxc5 29. Rac1 Qd5+ 30. Kg3 d3 31. Rcd1 Rd8 32. Rd2 Rc8 33. Rf3 Rd8 34. Re3 Qh1 35. Rdxd3 Qg1+ 36. Kf3 Qf1+ 37. Nf2 Rc8 38. Rd1 Qc4 39. Rc3 Qxc3+ 40. bxc3 Rxc3+ 41. Rd3 Rc4 42. Rd8+ Bf8 43. Nfe4 Kg7 44. Nf6 Rc3+ 45. Kg4 Be7 46. Rg8+ Kh6 47. Nxf7# 1-0


[Site "https://www.chess.com"]

[Event "Titled Tuesday Blitz June 27 Early 2023"]
[White "Ter-Sahakyan, Samvel"]
[Black "Matyukov, Petr"]
[WhiteFideId "13302531"]
[BlackFideId "4103688"]
[WhiteElo "2894"]
[BlackElo "2512"]
[Result "1-0"]
[Round "1"]
[TimeControl "180+2"]
[Date "2023.06.27"]
[WhiteClock "0:00:45"]
[BlackClock "0:00:05"]
[Board "41"]

1. d4 Nf6 2. c4 e6 3. Nf3 b6 4. g3 Ba6 5. b3 d5 6. Bg2 Bb4+ 7. Bd2 Be7 8. Bc3 O-O 9. Nbd2 Nbd7 10. O-O Bb7 11. Qc2 Rc8 12. Qb2 c5 13. Rfd1 dxc4 14. Nxc4 Qc7 15. Rac1 Rfd8 16. a4 Qb8 17. dxc5 Nxc5 18. Be5 Qa8 19. Nd6 Bxd6 20. Bxd6 Nfe4 21. Bf4 Bd5 22. Nd4 Nxf2 23. Kxf2 Bxg2 24. Nb5 Rxd1 25. Rxd1 Bh3 26. Nd6 Qg2+ 27. Ke3 Bg4 28. Nxc8 Qe4+ 29. Kf2 Bh3 30. Rd8# 1-0


[Site "https://www.chess.com"]

[Event "Titled Tuesday Blitz June 27 Early 2023"]
[White "tetrix83"]
[Black "Makhnev, Denis"]
[BlackFideId "13707647"]
[WhiteElo "2512"]
[BlackElo "2892"]
[Result "0-1"]
[Round "1"]
[TimeControl "180+2"]
[Date "2023.06.27"]
[WhiteClock "0:00:00"]
[BlackClock "0:00:16"]
[Board "42"]

1. e4 e5 2. Nf3 Nc6 3. Bb5 a6 4. Bxc6 dxc6 5. O-O Qf6 6. d4 exd4 7. Bg5 Qg6 8. Qxd4 Be6 9. Nbd2 Bd6 10. Rfe1 h6 11. Bh4 c5 12. Qe3 Nf6 13. Bxf6 gxf6 14. Nh4 Qg5 15. Nf5 O-O-O 16. Nf3 Qxe3 17. Nxe3 Be5 18. Nxe5 fxe5 19. a3 Rd4 20. f3 b5 21. Rad1 Rhd8 22. c3 Rd2 23. Nd5 Rxd1 24. Rxd1 Bxd5 25. exd5 c6 26. d6 Kd7 27. g4 Ke6 28. Kf2 Rxd6 29. Rxd6+ Kxd6 30. Kg3 Kd5 31. Kh4 e4 32. fxe4+ Kxe4 33. Kh5 Kf4 34. h4 c4 35. Kxh6 Kxg4 36. h5 f5 37. Kg6 f4 38. h6 f3 39. h7 f2 40. h8=Q f1=Q 41. Qc8+ Kh4 42. Qxc6 Qb1+ 43. Kf6 Qxb2 0-1


[Site "https://www.chess.com"]